[Event "Titled Tuesday Blitz April 11 Early 2023"]
[White "Sandro970"]
[Black "Borgaonkar Akshay"]
[BlackFideId "25639110"]
[WhiteElo "2457"]
[BlackElo "2063"]
[Result "1/2-1/2"]
[Round "03"]
[TimeControl "180+2"]
[Date "2023.04.11"]
[WhiteClock "0:00:09"]
[BlackClock "0:00:03"]

1. e4 c6 2. d4 d5 3. exd5 cxd5 4. Bd3 Nc6 5. c3 Qc7 6. Nf3 Nf6 7. O-O Bg4 8. h3 Bh5 9. Bg5 e6 10. Re1 Be7 11. Nbd2 h6 12. Bh4 Bd6 13. Nf1 O-O-O 14. Bg3 g5 15. Bxd6 Qxd6 16. Be2 Ne4 17. Ne5 Bxe2 18. Qxe2 Nxe5 19. dxe5 Qb6 20. Rab1 h5 21. Nd2 Nxd2 22. Qxd2 g4 23. h4 g3 24. Qd4 Qxd4 25. cxd4 gxf2+ 26. Kxf2 Rhg8 27. Rbc1+ Kd7 28. Rc3 Rg4 29. Rec1 Ke8 30. Rc7 Rd7 31. Rc8+ Ke7 32. g3 Rxd4 33. Rh8 Rc4 34. Re1 d4 35. Rxh5 Rc2+ 36. Kf3 d3 37. Rd1 Rxb2 38. Rh8 Rxa2 39. h5 Rh2 40. h6 d2 41. h7 a5 42. g4 a4 43. Kg3 Rh6 44. g5 Rd3+ 45. Kg4 Rh2 46. g6 fxg6 47. Rb8 Rxh7 48. Rxb7+ Rd7 49. Rxd7+ Kxd7 50. Rxd2+ Ke7 51. Rb2 Rh5 52. Rb7+ Kd8 53. Kf4 Rf5+ 54. Ke4 g5 55. Rg7 Rf4+ 56. Ke3 a3 57. Rxg5 a2 58. Rg1 Ra4 59. Ra1 Kd7 60. Kd3 Kc6 61. Kc3 Kd5 62. Kb3 Ra8 63. Kb2 Kxe5 64. Re1+ Kf4 65. Ka1 e5 66. Rf1+ Ke4 67. Re1+ Kd5 68. Rd1+ Ke6 69. Re1 Ra4 70. Kb2 e4 71. Ka1 Ke5 72. Rh1 Kd4 73. Rh3 e3 74. Rh4+ Kd3 75. Rxa4 e2 76. Ra3+ Kd4 77. Ra4+ Kd5 78. Ra5+ Kd6 79. Ra6+ Kd7 80. Ra7+ Kd8 81. Ra8+ Ke7 82. Ra7+ Kf6 83. Ra6+ Kf5 84. Ra5+ Kf4 85. Ra4+ Kf3 86. Ra3+ Kf4 87. Ra4+ Kf5 88. Ra5+ Kf6 89. Ra6+ Ke7 90. Ra7+ Ke8 91. Ra8+ Kf7 92. Ra7+ Kf6 93. Ra6+ 1/2-1/2


[Site "https://www.chess.com"]

[Event "Titled Tuesday Blitz April 11 Early 2023"]
[White "Domingo Nunez, Ruben"]
[Black "Huber, Benedikt"]
[WhiteFideId "22245570"]
[BlackFideId "12923583"]
[WhiteElo "2404"]
[BlackElo "2199"]
[Result "0-1"]
[Round "03"]
[TimeControl "180+2"]
[Date "2023.04.11"]
[WhiteClock "0:00:03"]
[BlackClock "0:00:14"]

1. b3 f5 2. Bb2 Nf6 3. c4 d6 4. d4 e6 5. Nc3 Be7 6. Qc2 b6 7. O-O-O O-O 8. Nf3 a5 9. h3 a4 10. Nxa4 Ne4 11. e3 Nc6 12. a3 Bb7 13. Bd3 Nb8 14. g4 d5 15. gxf5 exf5 16. Ne5 Nd7 17. cxd5 Bxd5 18. Bc4 Ndf6 19. f3 Nd6 20. Bxd5+ Nxd5 21. Rhe1 Bh4 22. Re2 f4 23. exf4 Nxf4 24. Red2 Nd5 25. Re2 Bg5+ 26. Kb1 Ne3 27. Rxe3 Bxe3 28. d5 Bf4 29. Nc6 Qg5 30. Nd4 Qxd5 31. Nc6 Qf7 32. Ka2 Rxa4 33. Rg1 Nf5 34. Qxf5 Rxa3+ 35. Kxa3 Bd6+ 36. Ka2 Ra8+ 37. Ba3 Rxa3+ 38. Kb2 Qxb3+ 0-1


[Site "https://www.chess.com"]

[Event "Titled Tuesday Blitz April 11 Early 2023"]
[White "Leebit02"]
[Black "Zarubitski, Viachaslau"]
[BlackFideId "13509373"]
[WhiteElo "2450"]
[BlackElo "2284"]
[Result "0-1"]
[Round "03"]
[TimeControl "180+2"]
[Date "2023.04.11"]
[WhiteClock "0:00:12"]
[BlackClock "0:00:25"]

1. Nf3 d5 2. e3 Nf6 3. c4 c6 4. b3 g6 5. Bb2 Bg7 6. Be2 a5 7. O-O a4 8. bxa4 O-O 9. Nc3 Ne4 10. Qc1 Nxc3 11. Bxc3 Bxc3 12. Qxc3 Rxa4 13. cxd5 Qxd5 14. d4 Nd7 15. Rfb1 Nf6 16. Nd2 Ra7 17. a4 Qg5 18. e4 Bh3 19. Bf1 Be6 20. Qe3 Qxe3 21. fxe3 Rfa8 22. Rb6 Ng4 23. Ra3 Rxa4 24. Rxa4 Rxa4 25. Rxb7 Nxe3 26. Rxe7 Rxd4 27. Kf2 Nxf1 28. Nxf1 Rxe4 29. Rc7 Rf4+ 30. Ke1 Bc4 31. Ne3 Bb5 32. g3 Rf3 33. Ng2 g5 34. Re7 Rf1+ 0-1


[Site "https://www.chess.com"]

[Event "Titled Tuesday Blitz April 11 Early 2023"]
[White "Zacurdajev, Dmitry"]
[Black "Piesik, Piotr"]
[WhiteFideId "4196309"]
[BlackFideId "1136194"]
[WhiteElo "2189"]
[BlackElo "2299"]
[Result "0-1"]
[Round "03"]
[TimeControl "180+2"]
[Date "2023.04.11"]
[WhiteClock "0:00:02"]
[BlackClock "0:00:22"]

1. d4 c5 2. d5 e5 3. c4 d6 4. Nc3 Be7 5. e4 Bg5 6. Be2 Bxc1 7. Rxc1 Ne7 8. g4 Ng6 9. Qd3 Nf4 10. Qg3 h5 11. gxh5 Qf6 12. Nb5 Na6 13. Nf3 Bd7 14. Qg5 Bxb5 15. Qxf6 gxf6 16. cxb5 Nb4 17. Kd2 Nxa2 18. Rcg1 Nxh5 19. Nh4 Kd7 20. Bxh5 Rxh5 21. Nf5 Nb4 22. Rg7 Rf8 23. h4 a6 24. b6 Nxd5 25. Ng3 Nf4 26. Nxh5 Nxh5 27. Rh7 Nf4 28. h5 Ke6 29. h6 f5 30. exf5+ Kxf5 31. Rg7 Kf6 32. Rg4 Ng6 33. Rg3 d5 34. Kc3 Rh8 35. Rf3+ Ke6 36. h7 e4 37. Rg3 Kf6 38. Rh5 d4+ 39. Kc4 Nf4 40. Rh6+ Ng6 41. Kxc5 d3 42. Kd4 d2 43. Rh1 Kg7 44. Kxe4 Rd8 45. Rd1 Kxh7 46. Rd3 Re8+ 47. Kf3 Ne5+ 48. Ke2 Nxd3+ 49. Kxd3 Rd8+ 50. Kc2 Rd6 51. Rxd2 Rxb6 52. Rd7 Kg6 53. b3 f5 54. Kd3 Kg5 55. Kc4 Kf4 56. b4 Rb5 57. Rd3 Ke4 58. Re3+ Kf4 59. Kc3 Re5 60. Rd3 b6 61. Kc4 a5 62. b5 Rc5+ 63. Kd4 Rxb5 64. Ra3 Rb4+ 65. Kd3 Kf3 0-1


[Site "https://www.chess.com"]

[Event "Titled Tuesday Blitz April 11 Early 2023"]
[White "Perez Gormaz, Matias"]
[Black "Chernov, Mikhail"]
[WhiteFideId "3406342"]
[BlackFideId "24143170"]
[WhiteElo "2362"]
[BlackElo "2113"]
[Result "0-1"]
[Round "03"]
[TimeControl "180+2"]
[Date "2023.04.11"]
[WhiteClock "0:00:02"]
[BlackClock "0:00:09"]

1. e4 c5 2. Nf3 Nc6 3. Bb5 g6 4. Bxc6 bxc6 5. O-O Bg7 6. c3 d6 7. d4 cxd4 8. cxd4 Nh6 9. h3 O-O 10. Nc3 f6 11. Qc2 Nf7 12. b3 Bd7 13. Bb2 Qa5 14. Rfd1 Qh5 15. Nh2 g5 16. Qe2 Qg6 17. Rd3 h5 18. Rad1 Rae8 19. Rg3 f5 20. exf5 Bxf5 21. Re3 g4 22. hxg4 hxg4 23. Nf1 e5 24. Ng3 Bc8 25. d5 c5 26. Nb5 Bh6 27. Re4 Bf4 28. Nxa7 Ng5 29. Ra4 Bd7 30. Nc6 Rf7 31. Bc1 Rh7 32. Bxf4 exf4 33. Ra8 Rxa8 34. Ne7+ Rxe7 35. Qxe7 fxg3 36. Qxd7 gxf2+ 37. Kxf2 Qf7+ 38. Qxf7+ Nxf7 39. Rd2 Ne5 40. Ke3 Kf7 41. Ke4 Kf6 42. Rf2+ Kg5 43. Rf5+ Kh4 44. Rf6 Ra6 45. Kf4 Kh5 46. g3 Rxa2 47. Rxd6 Ng6+ 48. Ke3 Rg2 49. Rd7 Rxg3+ 50. Ke4 Rxb3 51. Kf5 Rf3+ 52. Ke4 Rf1 53. d6 Kg5 54. Rc7 Rd1 55. Rxc5+ Kh4 56. Rc6 g3 57. Kf3 Rd3+ 58. Kg2 Nf4+ 59. Kf1 Kg4 60. Ke1 Kf3 61. Rc3 Rxc3 62. Kd2 Rc5 63. d7 Rd5+ 0-1


[Site "https://www.chess.com"]

[Event "Titled Tuesday Blitz April 11 Early 2023"]
[White "Khandelwal, Ankush"]
[Black "Arabidze, Meri"]
[WhiteFideId "413470"]
[BlackFideId "13604040"]
[WhiteElo "2263"]
[BlackElo "2405"]
[Result "1/2-1/2"]
[Round "03"]
[TimeControl "180+2"]
[Date "2023.04.11"]
[WhiteClock "0:00:08"]
[BlackClock "0:00:04"]

1. e4 c5 2. Nf3 e6 3. d4 cxd4 4. Nxd4 Nc6 5. Nc3 a6 6. Nxc6 bxc6 7. Bd3 d5 8. O-O Nf6 9. Re1 Be7 10. e5 Nd7 11. Qg4 Kf8 12. Bd2 Qc7 13. Qg3 h5 14. h4 c5 15. Bg5 Nb6 16. b3 Bb7 17. Bxe7+ Qxe7 18. a4 Rc8 19. a5 Nd7 20. Na4 Qd8 21. Nb2 Qc7 22. c4 d4 23. Be4 Rb8 24. b4 Bxe4 25. Rxe4 Rxb4 26. Nd3 Rb3 27. Rae1 Rh6 28. Rf4 Kg8 29. Qf3 Nf8 30. Qe4 Qxa5 31. Kh2 Rxd3 32. Rb1 Rc3 33. Rb7 f5 34. exf6 Rxf6 35. Rxf6 gxf6 36. Qf4 Rb3 37. Rxb3 Qe1 38. Rg3+ Kf7 39. Qc7+ Ke8 40. f4 d3 41. Kh3 d2 42. Qc8+ Kf7 43. Qc7+ Ke8 44. Qc8+ Kf7 45. Qc7+ Ke8 1/2-1/2


[Site "https://www.chess.com"]

[Event "Titled Tuesday Blitz April 11 Early 2023"]
[White "benny_aizenberg"]
[Black "Pniaczek, Marek"]
[BlackFideId "21800421"]
[WhiteElo "2624"]
[BlackElo "2138"]
[Result "0-1"]
[Round "03"]
[TimeControl "180+2"]
[Date "2023.04.11"]
[WhiteClock "0:00:06"]
[BlackClock "0:00:14"]

1. e4 c5 2. c3 Nf6 3. e5 Nd5 4. d4 cxd4 5. Nf3 Nc6 6. cxd4 d6 7. Bc4 Nb6 8. Bb3 dxe5 9. d5 Na5 10. Nc3 f6 11. O-O e6 12. Nxe5 fxe5 13. Qh5+ g6 14. Qxe5 Rg8 15. dxe6 Nxb3 16. axb3 Qd6 17. Qb5+ Qc6 18. Be3 Qxb5 19. Nxb5 Nd5 20. Bxa7 Bxe6 21. Rfe1 Kf7 22. Rad1 Be7 23. Bd4 Rgd8 24. Rd3 Bf6 25. Rf3 Kg7 26. Bxf6+ Nxf6 27. Nc7 Bd5 28. Rf4 Rac8 29. Re7+ Kf8 30. Rxh7 Kg8 31. Re7 Re8 32. Rxe8+ Nxe8 33. h4 Nxc7 34. g4 Bxb3 35. Rb4 Bd5 36. Rb6 Bc6 37. f4 Nd5 38. Rb3 Nxf4 39. Kf2 Rf8 40. Kg3 Ne2+ 41. Kh2 Rf2+ 42. Kh3 Rf3+ 43. Rxf3 Bxf3 44. h5 gxh5 45. gxh5 Kh7 46. Kh4 Kh6 47. Kh3 Kxh5 48. b4 Kg5 49. Kh2 Kf5 50. Kh3 Ke5 51. Kh4 Kd5 52. Kg5 Kc4 0-1


[Site "https://www.chess.com"]

[Event "Titled Tuesday Blitz April 11 Early 2023"]
[White "Safin, Robert"]
[Black "Bochnicka, Vladimir"]
[WhiteFideId "34189120"]
[BlackFideId "14943450"]
[WhiteElo "2245"]
[BlackElo "2094"]
[Result "0-1"]
[Round "03"]
[TimeControl "180+2"]
[Date "2023.04.11"]
[WhiteClock "0:00:01"]
[BlackClock "0:00:53"]

1. e4 c5 2. c3 Nf6 3. e5 Nd5 4. Nf3 Nc6 5. Na3 e6 6. Nc4 b5 7. Ne3 Nxe3 8. fxe3 Rb8 9. d4 cxd4 10. exd4 Be7 11. Bd3 d6 12. Qe2 dxe5 13. Bxb5 Bd7 14. Bxc6 Bxc6 15. Nxe5 Ba8 16. O-O O-O 17. b3 Rc8 18. Bd2 Bf6 19. Rae1 Qd5 20. Rxf6 gxf6 21. Qg4+ Kh8 22. Bh6 Qxg2+ 23. Qxg2 Bxg2 24. Bxf8 fxe5 25. Kxg2 exd4 26. Be7 Rxc3 27. Bf6+ Kg8 28. Bxd4 Rc2+ 0-1


[Site "https://www.chess.com"]

[Event "Titled Tuesday Blitz April 11 Early 2023"]
[White "Liu, Casper"]
[Black "Leiva, Gianmarco"]
[WhiteFideId "1454153"]
[BlackFideId "3804399"]
[WhiteElo "2221"]
[BlackElo "2345"]
[Result "0-1"]
[Round "03"]
[TimeControl "180+2"]
[Date "2023.04.11"]
[WhiteClock "0:00:02"]
[BlackClock "0:00:02"]

1. e4 c5 2. Nf3 d6 3. Nc3 a6 4. a4 g6 5. Bc4 Nc6 6. O-O Bg7 7. d3 e6 8. Be3 Nge7 9. d4 d5 10. exd5 exd5 11. Be2 Bg4 12. Re1 Bxf3 13. Bxf3 cxd4 14. Nxd5 dxe3 15. Rxe3 Kf8 16. Nxe7 Nxe7 17. Bxb7 Rb8 18. Rd3 Qe8 19. Bxa6 Bxb2 20. Rb1 Qxa4 21. Rd8+ Kg7 22. Rxh8 Kxh8 23. Qd6 Qb4 24. Qc7 Kg7 25. h3 Kf8 26. c3 Qb6 0-1


[Site "https://www.chess.com"]

[Event "Titled Tuesday Blitz April 11 Early 2023"]
[White "Vlassov, Nikolai"]
[Black "Leyva Rivera, Yunier"]
[WhiteFideId "4103360"]
[BlackFideId "3505065"]
[WhiteElo "2324"]
[BlackElo "2430"]
[Result "0-1"]
[Round "03"]
[TimeControl "180+2"]
[Date "2023.04.11"]
[WhiteClock "0:00:02"]
[BlackClock "0:00:11"]

1. e4 c5 2. c3 d5 3. exd5 Qxd5 4. d4 Nf6 5. Nf3 e6 6. a3 Nc6 7. Be3 cxd4 8. cxd4 Be7 9. Nc3 Qd6 10. Qc2 O-O 11. Bd3 Rd8 12. O-O Bd7 13. Qd2 Nd5 14. Rad1 Rac8 15. Ne4 Qb8 16. Nc5 Be8 17. Bb1 Nxe3 18. Qxe3 Nxd4 19. Nxd4 Bxc5 20. Qe4 g6 21. Ba2 Bxd4 22. Rxd4 Rxd4 23. Qxd4 Rd8 24. Qf6 Bc6 25. h4 h5 26. Bxe6 fxe6 27. Qxg6+ Kf8 28. Qf6+ Kg8 29. Qxe6+ Kf8 30. Qf6+ Kg8 31. Qg6+ Kf8 32. Qh6+ Kg8 33. Re1 Qc7 34. Qg5+ Kf8 35. Qxh5 Qg7 36. g3 Rd5 37. Qf3+ Qf7 38. Qc3 Kg8 39. Qe3 Rf5 40. Qd4 Qd5 41. Qxd5+ Rxd5 42. Kh2 Rd2 43. Kh3 Rxf2 44. b4 Rf3 45. Kg4 Rxa3 46. Re7 Rb3 47. Kg5 Rxb4 48. h5 Re4 49. Rc7 Re6 50. g4 a5 51. Kf5 Rd6 52. g5 a4 53. h6 Bd7+ 54. Ke5 Re6+ 55. Kd5 Rg6 56. Rxd7 Rxg5+ 57. Kc4 b5+ 58. Kb4 Rh5 0-1


[Site "https://www.chess.com"]

[Event "Titled Tuesday Blitz April 11 Early 2023"]
[White "Ramirez Vido, Robert Yorisan"]
[Black "wqws"]
[WhiteFideId "3513823"]
[WhiteElo "2439"]
[BlackElo "2611"]
[Result "1/2-1/2"]
[Round "03"]
[TimeControl "180+2"]
[Date "2023.04.11"]
[WhiteClock "0:00:12"]
[BlackClock "0:00:27"]

1. f4 d5 2. Nf3 Nf6 3. g3 c5 4. Bg2 Nc6 5. d3 e6 6. O-O Be7 7. e4 dxe4 8. dxe4 Qxd1 9. Rxd1 Nxe4 10. Ne5 f5 11. Nxc6 bxc6 12. Bxe4 fxe4 13. Nc3 Ba6 14. Nxe4 Be2 15. Re1 Bf3 16. Kf2 Bxe4 17. Rxe4 Kf7 18. Bd2 Rab8 19. Bc3 Bf6 20. Bxf6 gxf6 21. b3 Rhd8 22. Rae1 Rd6 23. Ra4 Rb7 24. Ra5 c4 25. Ra4 cxb3 26. axb3 c5 27. Ke3 Rbd7 28. Rea1 Kg6 29. Rxa7 Rd8 30. Re7 Rd2 31. Rxe6 Rxh2 32. Raa6 Rf8 33. g4 Rxc2 34. g5 Rc3+ 35. Ke4 Rxb3 36. Rxf6+ Rxf6 37. Rxf6+ Kg7 38. Rc6 Rc3 39. Kf5 Rc4 40. Rc7+ Kg8 41. Ke5 Ra4 42. Rxc5 Ra8 43. Rc6 Kg7 44. f5 Re8+ 45. Kf4 Ra8 46. Rc7+ Kg8 47. Kg4 Ra1 48. Rc8+ Kf7 49. Rc7+ Kg8 50. Rd7 Rg1+ 51. Kf4 Rf1+ 52. Ke5 Ra1 53. Re7 Ra5+ 54. Kf6 Ra6+ 55. Re6 Ra8 56. Rb6 Rf8+ 57. Ke6 Re8+ 58. Kf6 Rf8+ 59. Ke5 Re8+ 60. Re6 Ra8 61. Re7 Ra5+ 62. Kf4 Ra4+ 63. Ke5 Ra5+ 1/2-1/2


[Site "https://www.chess.com"]

[Event "Titled Tuesday Blitz April 11 Early 2023"]
[White "Kucuksari, Kaan"]
[Black "Kopczynski, Michal"]
[WhiteFideId "6380166"]
[BlackFideId "1124200"]
[WhiteElo "2364"]
[BlackElo "2212"]
[Result "1-0"]
[Round "03"]
[TimeControl "180+2"]
[Date "2023.04.11"]
[WhiteClock "0:00:05"]
[BlackClock "0:00:03"]

1. e4 c5 2. Nf3 d6 3. d4 cxd4 4. Nxd4 Nf6 5. Nc3 g6 6. f3 Bg7 7. Be3 O-O 8. Qd2 Nc6 9. O-O-O d5 10. Nxc6 bxc6 11. Bc4 e6 12. Bb3 a5 13. h4 a4 14. Bxa4 Qc7 15. Bb3 dxe4 16. fxe4 h5 17. Rhf1 Ba6 18. Rf2 Ng4 19. Rf3 Rad8 20. Qe1 Rxd1+ 21. Nxd1 Qh2 22. Qg3 Qh1 23. Qh3 Qe1 24. Qg3 Qh1 25. Qh3 Qe1 26. Bd2 Qxe4 27. Rf4 Qe5 28. Qf3 Be2 29. Qc3 Bxd1 30. Kxd1 Qxf4 31. Qxg7+ Kxg7 32. Bxf4 Rd8+ 33. Ke2 e5 34. Bd2 f5 35. a4 e4 36. Bg5 Rb8 37. a5 Ra8 38. Bd2 Kf6 39. Bc4 Ne5 40. Bc3 f4 41. a6 Kf5 42. Bxe5 Kxe5 43. c3 Kf5 44. Kf2 g5 45. hxg5 Kxg5 46. b4 e3+ 47. Kf3 Kf5 48. Bd3+ Ke5 49. Be2 h4 50. Kg4 Ke4 51. c4 Ke5 52. b5 cxb5 53. cxb5 Kd6 54. b6 Kc6 55. b7 Rg8+ 56. Kxf4 Kb6 57. Kxe3 Ka7 58. Kf2 Rf8+ 59. Kg1 Re8 60. Bf1 Rf8 61. Bd3 Rd8 62. Be2 Re8 63. Bc4 Rd8 64. Kh2 Rd4 65. Bf1 Rf4 66. Be2 Re4 67. Bf3 Rd4 68. Kh3 Rb4 69. Be2 Rb2 70. Bc4 Rb4 71. Bf1 Rb3+ 72. Kxh4 Rb1 73. Be2 Rb2 74. Bf3 Kxa6 75. g4 Rb4 76. Kh5 Ka7 77. g5 Rb3 78. Be4 Kb8 79. g6 Rh3+ 80. Kg4 Rh8 81. Kg5 Re8 82. Bf3 Rf8 83. g7 Rxf3 84. g8=Q+ Kxb7 85. Qd5+ 1-0


[Site "https://www.chess.com"]

[Event "Titled Tuesday Blitz April 11 Early 2023"]
[White "Ambartsumova, Karina"]
[Black "Gonzalez, Francisco Silva"]
[WhiteFideId "4166299"]
[BlackFideId "1512285"]
[WhiteElo "2240"]
[BlackElo "2074"]
[Result "1-0"]
[Round "03"]
[TimeControl "180+2"]
[Date "2023.04.11"]
[WhiteClock "0:00:10"]
[BlackClock "0:00:57"]

1. e4 e5 2. Nf3 Nc6 3. Bb5 a6 4. Ba4 Nf6 5. O-O b5 6. Bb3 Bc5 7. a4 Bb7 8. c3 d6 9. d4 Bb6 10. Qd3 O-O 11. Na3 exd4 12. cxd4 Nb4 13. Qc3 c5 14. dxc5 Bxc5 15. Bg5 Bxe4 16. axb5 Rc8 17. Qd2 Bxf3 18. gxf3 h5 19. bxa6 Nxa6 20. Nc4 Nb4 21. Rad1 d5 22. Ne5 Qd6 23. Nd3 Nxd3 24. Qxd3 Rcd8 25. Bc2 g6 26. Kh1 Rde8 27. Bh6 Qe5 28. f4 Qxb2 29. Rg1 Ne4 30. Rdf1 Bxf2 31. f5 Bxg1 32. fxg6 Nf2+ 33. Rxf2 f5 34. Qxd5+ Kh8 35. g7+ Kh7 36. Bxf5+ Rxf5 37. Qxf5+ Kxh6 38. Rxb2 Bd4 39. Rd2 Bxg7 40. Rd6+ 1-0


[Site "https://www.chess.com"]

[Event "Titled Tuesday Blitz April 11 Early 2023"]
[White "Melikhov, Evgeny V."]
[Black "Skliarov, Viktor"]
[WhiteFideId "4122046"]
[BlackFideId "14106736"]
[WhiteElo "2158"]
[BlackElo "2317"]
[Result "1/2-1/2"]
[Round "03"]
[TimeControl "180+2"]
[Date "2023.04.11"]
[WhiteClock "0:00:07"]
[BlackClock "0:00:12"]

1. d4 Nf6 2. c4 e6 3. Nc3 Bb4 4. Qc2 c5 5. dxc5 Na6 6. a3 Bxc3+ 7. Qxc3 Nxc5 8. f3 d5 9. cxd5 b6 10. b4 Na4 11. Qd4 Qxd5 12. Qxd5 Nxd5 13. e4 Ndc3 14. Ne2 Nxe2 15. Bxe2 Bd7 16. Be3 Rc8 17. Kf2 Ke7 18. Rhc1 Rxc1 19. Rxc1 Rc8 20. Rxc8 Bxc8 21. Bd4 f6 22. Bb5 Bd7 23. Bxd7 Kxd7 24. f4 Kd6 25. e5+ Ke7 26. exf6+ gxf6 27. g4 a6 28. h4 b5 29. g5 f5 30. h5 Kf7 31. Kf3 Kg8 32. g6 h6 33. Ke3 Kf8 34. Kd3 Kg8 35. Kc2 Kf8 36. Kd3 Kg8 37. Kc2 Kf8 38. Ba7 Kg8 39. Bc5 Kg7 40. Bd4+ Kg8 41. Ba7 Kg7 42. Bd4+ Kg8 43. Ba7 Kg7 44. Bd4+ 1/2-1/2


[Site "https://www.chess.com"]

[Event "Titled Tuesday Blitz April 11 Early 2023"]
[White "Zhukova, Natalia"]
[Black "Wadsworth, Matthew J"]
[WhiteFideId "14101513"]
[BlackFideId "415804"]
[WhiteElo "2297"]
[BlackElo "2330"]
[Result "0-1"]
[Round "03"]
[TimeControl "180+2"]
[Date "2023.04.11"]
[WhiteClock "0:00:06"]
[BlackClock "0:00:06"]

1. c4 c6 2. d4 d5 3. Nc3 Nf6 4. Nf3 dxc4 5. a4 Bf5 6. Ne5 Nbd7 7. Nxc4 Qc7 8. g3 e5 9. dxe5 Nxe5 10. Bf4 Nfd7 11. Ne3 Be6 12. Bg2 f6 13. h4 O-O-O 14. Qc2 a5 15. Rc1 Nc5 16. O-O Bb3 17. Qf5+ Kb8 18. Qb1 Bd6 19. Ne4 Nxe4 20. Bxe4 g5 21. Bxe5 Bxe5 22. h5 h6 23. Kg2 Rd2 24. Nc4 Rxe2 25. Qd3 Bxc4 26. Rxc4 Rxb2 27. Rb1 Rd8 28. Qf1 Rdd2 29. Rxb2 Rxb2 30. Qd1 Bxg3 31. Qd4 Rxf2+ 32. Kg1 Ra2 33. Qxf6 Bh2+ 34. Kf1 Qf4+ 35. Qxf4+ Bxf4 36. Rc5 Kc7 37. Rxa5 Bd2 38. Rf5 Rxa4 39. Rf7+ Kb6 40. Rf6 Rxe4 0-1


[Site "https://www.chess.com"]

[Event "Titled Tuesday Blitz April 11 Early 2023"]
[White "Zeman, Matyas"]
[Black "Horobetz, Graham"]
[WhiteFideId "364398"]
[BlackFideId "2047322"]
[WhiteElo "2254"]
[BlackElo "2605"]
[Result "0-1"]
[Round "03"]
[TimeControl "180+2"]
[Date "2023.04.11"]
[WhiteClock "0:00:02"]
[BlackClock "0:00:16"]

1. d4 Nf6 2. Nf3 d6 3. Nbd2 d5 4. e3 g6 5. b4 Bg7 6. c4 c6 7. a4 O-O 8. Bb2 Bg4 9. Be2 Nbd7 10. O-O Re8 11. Qb3 Ne4 12. Rfd1 Nxd2 13. Rxd2 dxc4 14. Qxc4 e5 15. dxe5 Bxf3 16. Bxf3 Nxe5 17. Rxd8 Nxc4 18. Rxa8 Rxa8 19. Bxg7 Kxg7 20. Rd1 a5 21. b5 cxb5 22. axb5 a4 23. Bxb7 Ra5 24. Bd5 Nb2 25. Rb1 Rxb5 26. Bc6 Rb4 27. Kf1 a3 28. Ra1 Rc4 29. Bd5 Rc3 30. Ke2 f5 31. Be6 Kf6 32. Bg8 h6 33. Kd2 Rc8 34. Bb3 Ra8 35. Kc3 g5 36. f4 gxf4 37. exf4 Rc8+ 38. Kb4 Nd3+ 39. Kxa3 Ra8+ 40. Ba4 Nxf4 41. g3 Nd3 42. Rd1 Rxa4+ 0-1


[Site "https://www.chess.com"]

[Event "Titled Tuesday Blitz April 11 Early 2023"]
[White "Gabdrakhmanov, Azat"]
[Black "Kabilov, Amin"]
[WhiteFideId "34189197"]
[BlackFideId "14700859"]
[WhiteElo "2306"]
[BlackElo "2110"]
[Result "1-0"]
[Round "03"]
[TimeControl "180+2"]
[Date "2023.04.11"]
[WhiteClock "0:00:18"]
[BlackClock "0:00:08"]

1. e4 e5 2. Nf3 d6 3. d4 exd4 4. Nxd4 Nf6 5. Nc3 Be7 6. g3 d5 7. e5 Ng4 8. Nf3 Bc5 9. Qxd5 Bxf2+ 10. Ke2 Qe7 11. h3 Nf6 12. Qd3 Bb6 13. Bg5 Nc6 14. Nd5 Nxe5 15. Nxe7 Nxd3 16. Nxc8 Nxb2 17. Nxb6 axb6 18. Bxf6 gxf6 19. Kf2 O-O 20. Be2 Rfe8 21. Rhe1 Na4 22. Bb5 Rxe1 23. Rxe1 Nc3 24. Bc4 b5 25. Bd3 Rxa2 26. Re8+ Kg7 27. Nh4 f5 28. Nxf5+ Kf6 29. Ne3 c6 30. Ng4+ Kg7 31. h4 Nd5 32. h5 h6 33. Rb8 Nb4 34. Bf5 Nxc2 35. Bxc2 Rxc2+ 36. Kf3 Rc3+ 37. Kf4 Rc4+ 38. Kf5 Rc5+ 39. Ne5 f6 40. Rxb7+ Kf8 41. Kxf6 Ke8 42. Rb8# 1-0


[Site "https://www.chess.com"]

[Event "Titled Tuesday Blitz April 11 Early 2023"]
[White "Gold_Ocean"]
[Black "Avazkhonov, Alikhon"]
[BlackFideId "14208504"]
[WhiteElo "2602"]
[BlackElo "1739"]
[Result "0-1"]
[Round "03"]
[TimeControl "180+2"]
[Date "2023.04.11"]
[WhiteClock "0:00:01"]
[BlackClock "0:00:02"]

1. e4 c5 2. c3 d5 3. exd5 Qxd5 4. d4 Nc6 5. Nf3 Nf6 6. Be2 Bg4 7. Be3 cxd4 8. cxd4 e6 9. Nc3 Bb4 10. O-O Qd6 11. h3 Bh5 12. Rc1 O-O 13. a3 Bxc3 14. Rxc3 Nd5 15. Rc5 b6 16. Rc1 Rad8 17. Qb3 Na5 18. Qa4 Rc8 19. b4 Nc6 20. Rc2 a5 21. Rfc1 Nde7 22. Ba6 Bxf3 23. Bxc8 Be4 24. Rxc6 Bxc6 25. b5 Rxc8 26. bxc6 Rxc6 27. Rb1 Nd5 28. Bd2 h6 29. Qb3 Rc8 30. Qd3 Qc6 31. Qa6 Qc4 32. Qa7 Qd3 33. Rb2 Rc2 34. Qb8+ Kh7 35. Rxc2 Qxc2 36. Bf4 Qd1+ 37. Kh2 Qxd4 38. Be5 Qxf2 39. Qf8 f6 40. Bg3 Qf5 41. Qf7 Ne3 42. Bd6 Qd5 43. Kg3 Qxg2+ 44. Kf4 Nd5# 0-1


[Site "https://www.chess.com"]

[Event "Titled Tuesday Blitz April 11 Early 2023"]
[White "Gracia Alvarez, Gerardo Antonio"]
[Black "Al-Tarboush, Ward"]
[WhiteFideId "5109124"]
[BlackFideId "7601450"]
[WhiteElo "2160"]
[BlackElo "2265"]
[Result "0-1"]
[Round "03"]
[TimeControl "180+2"]
[Date "2023.04.11"]
[WhiteClock "0:00:03"]
[BlackClock "0:00:28"]

1. e4 e5 2. Nc3 Nf6 3. d4 exd4 4. Qxd4 Nc6 5. Qd3 Bc5 6. Bf4 d6 7. Qd2 O-O 8. O-O-O Bb4 9. f3 Re8 10. Nge2 a5 11. Kb1 b5 12. a3 Bxc3 13. Qxc3 Bd7 14. Nd4 Nxd4 15. Qxd4 b4 16. Bc4 bxa3 17. b3 a2+ 18. Ka1 a4 19. b4 Qe7 20. g4 c5 21. Qxd6 cxb4 22. e5 Be6 23. Qxe7 Rxe7 24. exf6 gxf6 25. Rhe1 b3 26. Bxe6 fxe6 27. Rd6 Rc7 28. Rd2 e5 29. Be3 Rc3 30. Bg1 Rxf3 31. cxb3 axb3 32. Rb2 Rc3 0-1


[Site "https://www.chess.com"]

[Event "Titled Tuesday Blitz April 11 Early 2023"]
[White "Chylewski, Patryk"]
[Black "Iljin, Timofey"]
[WhiteFideId "1186191"]
[BlackFideId "14110180"]
[WhiteElo "2163"]
[BlackElo "2382"]
[Result "1/2-1/2"]
[Round "03"]
[TimeControl "180+2"]
[Date "2023.04.11"]
[WhiteClock "0:00:45"]
[BlackClock "0:01:20"]

1. e4 d5 2. exd5 Nf6 3. Bb5+ Nbd7 4. c4 a6 5. Ba4 b5 6. cxb5 Nxd5 7. Ne2 Nc5 8. bxa6+ Nxa4 9. Qxa4+ Bd7 10. Qb3 e6 11. O-O Bd6 12. Nbc3 Nb4 13. d4 O-O 14. Ng3 Rxa6 15. Nce4 Nd5 16. Nxd6 cxd6 17. Bd2 Qh4 18. Rfc1 Qxd4 19. Bc3 Qa7 20. Ne4 Nxc3 21. Rxc3 Rb8 22. Qc2 Rxa2 23. Rxa2 Qxa2 24. Nxd6 Qa1+ 25. Qc1 Qxc1+ 26. Rxc1 Rxb2 27. h3 1/2-1/2


[Site "https://www.chess.com"]